 Dungeon Crawl Stone Soup version 0.14-a0-882-gdff4d47 (webtiles) character file.

60 Bloax the Chopper (level 2, 0/24 HPs)
             Began as a Formicid Berserker on Nov 16, 2013.
             Was a Follower of Trog.
             Succumbed to an adder's poison
             ... on Level 2 of the Dungeon.
             The game lasted 00:01:41 (330 turns).

Bloax the Chopper (Formicid Berserker)               Turns: 330, Time: 00:01:41

HP   0/24        AC  3     Str 21      XL: 2   Next: 70%
MP   1/1         EV 12     Int  6      God: Trog [*.....]
Gold 47          SH  0     Dex 10      Spells:  0 memorised,  1 level left

Res.Fire  : . . .   See Invis. : +   a - +0 hand axe
Res.Cold  : . . .   Warding    : .   b - +0 animal skin
Life Prot.: . . .   Conserve   : .   (no shield)
Res.Poison: x       Res.Corr.  : .   (helmet unavailable)
Res.Elec. : .       Clarity    : .   (no cloak)
Sust.Abil.: . .     Spirit.Shd : .   (no gloves)
Res.Mut.  : .       Stasis     : +   (no boots)
Res.Rott. : .       Flight     : .   (no amulet)
Saprovore : . . .                    (no ring)
                                     (no ring)

@: mildly poisoned, not resistant to hostile enchantments, unstealthy
A: permanent stasis, dig shafts and tunnels, four strong arms, poison weakness,
antennae 3, exoskeleton 1
a: Dig, Shaft Self, Burn Spellbooks, Berserk, Renounce Religion


You were on level 2 of the Dungeon.
You worshipped Trog.
Trog was aware of your devotion.
You were not hungry.

You visited 1 branch of the dungeon, and saw 2 of its levels.

You collected 47 gold pieces.


Innate Abilities, Weirdness & Mutations

Your are under a permanent stasis effect.
You can dig through walls and to a lower floor.
Your four strong arms can wield any weapon, most with a shield.
You are susceptible to poison.
You have a pair of large antennae on your head (SInv).
Your body is surrounded by an exoskeleton. (HP +5, AC +1)


   Skills:
 + Level 3.2 Fighting
 * Level 3.5 Axes
 - Level 2.4 Armour
 - Level 1.7 Dodging


You had one spell level left.
You didn't know any spells.

Dungeon Overview and Level Annotations

Branches:
Dungeon (2/16)

Altars:

Inventory:

Hand weapons
 a - a +0,+0 hand axe (weapon)
Missiles
 d - 21 poisoned needles
Armour
 b - a +0 animal skin (worn)
Comestibles
 c - a bread ration
Scrolls
 f - a scroll of enchant armour {unknown}
 h - a scroll of remove curse {unknown}
Potions
 e - a potion of slowing {unknown}
 g - a potion of curing {unknown}

......#.#.# .....
........#.### ......
##........#.. .......
.....<....#.##{#....#..
.........##>.. #........
.........................
..........#.####..........
.........................
.........##...##@#...?####
.........#.....#Sg.........
......##.#.....#...........
......'.....##.#...........
......##....# .#+#........
......####...... {g.......
....... .#.##............
...#### #.#+# ...........
#+# .. ........


You could see 2 gnolls and an adder.


Message History

The bat is severely wounded.
The bat closely misses you. The bat hits you. The bat closely misses you.
The giant newt closely misses you.
Unknown command.
Unknown command.
You hit the bat.
You kill the bat!
Trog accepts your kill.
You hit the giant newt.
You kill the giant newt!
Trog accepts your kill. The adder closely misses you.
You closely miss the adder. The adder closely misses you.
You barely miss the adder. The adder bites you but does no damage.
The adder bites you.
You hit the goblin.
You kill the goblin!
Trog accepts your kill.
You miss the adder. The adder barely misses you.
You miss the adder. The adder bites you but does no damage.
The adder bites you but does no damage.
Unknown command.
You hit the adder.
The adder is moderately wounded.
The adder barely misses you.
A gnoll comes into view. It is wielding a flail.
You barely miss the adder.
The adder is moderately wounded.
The gnoll shouts!
The adder bites you.
You hit the adder.
The adder is heavily wounded.
The adder bites you but does no damage. The adder bites you.
* * * LOW HITPOINT WARNING * * *
You are poisoned.
The adder poisons you!
You closely miss the adder.
The adder is heavily wounded.
The adder barely misses you.
You barely miss the adder.
The adder is heavily wounded.
The adder bites you.
* * * LOW HITPOINT WARNING * * *
The adder bites you but does no damage.
You miss the adder.
The adder is heavily wounded.
The adder closely misses you.
A gnoll comes into view. It is wielding a whip.
You hit the adder but do no damage.
The adder is heavily wounded.
You slash the gnoll!
The gnoll is heavily wounded.
The adder barely misses you. The gnoll closely misses you.
A gnoll comes into view. It is wielding a whip.
Unknown command.
You hit the adder.
The adder is heavily wounded.
You hit the gnoll but do no damage.
The gnoll is heavily wounded.
* * * LOW HITPOINT WARNING * * *
You feel sick. The adder closely misses you. The adder bites you.
* * * LOW HITPOINT WARNING * * *
The gnoll moves out of view.
The gnoll hits you with a flail.
* * * LOW HITPOINT WARNING * * *
Unknown command.
You barely miss the adder.
The adder is heavily wounded.
You hit the gnoll.
The gnoll is heavily wounded.
You die...

Action                   || total
-------------------------++-------
Melee: Hand axe          ||    46
 Abil: Dig               ||     2

Vault maps used:
D:1:      saegor_entry_simple_E
D:2:      nicolae_overflow_hidden_temple

Notes
Turn   | Place    | Note
--------------------------------------------------------------
     0 | D:1      | Bloax, the Formicid Berserker, began the quest for the Orb.
     0 | D:1      | Reached XP level 1. HP: 19/19 MP: 0/0
     0 | D:1      | Bloax: this is so terrible
    11 | D:1      | Daniel: HOGl next time
    93 | D:1      | Daniel: dwants are bad. really bad.
   149 | D:1      | Reached XP level 2. HP: 24/24 MP: 1/1
   326 | D:2      | HP: 6/24 [adder (3)]
   329 | D:2      | HP: 1/24 [gnoll/flail (3)]
   330 | D:2      | Succumbed to an adder's poison

Vanquished Creatures
  A hobgoblin (D:1)
  4 bats (D:2)
  2 giant newts
  2 goblins
  6 rats
15 creatures vanquished.
